cohdb
Replays
Latest Replays
All Replays
Popular Replays
Top Player Replays
Match Explorer
How It Works
Community
CoH3 Stats
Reddit
Sign in to upload your games and track your stats! →
Sign in with Steam
1vs1
Match 30055761
Overview
Messages
Build Orders
End
Selects Special Operations Battlegroup
Selects M29 Weasel Recon Vehicle
M29 Weasel Recon Vehicle
Construct Barracks
Riflemen Squad
Riflemen Squad
Riflemen Squad
Engineer Squad
Construct Medical Station
Selects Raiding Flares
Selects Smoke Screen
Air Support Center
Construct Weapon Support Center
M1 Mortar Team
Grasshopper Recon Run
P-47 Strafing Run
M3 Armored Personnel Carrier
Smoke Screen
Riflemen Squad
Selects SSF Commando Squad
M1918 Browning Automatic Rifles
Air Supply
Advanced Air Reconnaissance
Grasshopper Recon Run
Smoke Screen
Grenade Package
Hispanus
mayomeyo
0
0
Comments
sign in to comment!
No comments posted yet!